[Event "45th FIDE Olympiad 2024"]
[Site "Budapest"]
[Date "2024.09.16"]
[Round "6.13"]
[White "Mathurin, Nathaniel"]
[Black "Kigigha, Bomo Lovet"]
[Result "0-1"]
[WhiteElo "1982"]
[BlackElo "2217"]
[PlyCount "86"]
[EventDate "2024.09.05"]
[EventType "team-tourn"]
[EventCountry "HUN"]
[WhiteTeam "Saint Lucia"]
[BlackTeam "Nigeria"]
[BlackTeamCountry "NGR"]
[TimeControl "40/5400+30:1800+30"]

1. d4 Nf6 2. Nf3 e6 3. c4 Bb4+ 4. Nbd2 b6 5. a3 Bxd2+ 6. Qxd2 Bb7 7. g3 O-O 8. Bg2 d6 9. O-O Qc8 10. b4 Nbd7 11. Bb2 Be4 12. Rfd1 Qb7 13. Qc3 Rac8 14. Rac1 h6 15. c5 Qc6 16. d5 Bxd5 17. Nd4 Qa8 18. c6 Bxg2 19. cxd7 Bh3 20. Nc6 Rcd8 21. g4 Bxg4 22. Qg3 e5 23. Nxd8 Qxd8 24. f4 Bxe2 25. fxe5 Nh5 26. Qh3 Qg5+ 27. Kf2 Bg4 28. Qe3 Qf5+ 29. Kg1 Bxd1 30. exd6 Qxd7 31. dxc7 Bg4 32. Qd4 Qxd4+ 33. Bxd4 Nf4 34. Rc4 b5 35. c8=Q Bxc8 36. Rc2 Bf5 37. Ra2 a6 38. Kf2 Be6 39. Ra1 Rc8 40. Ke3 Rc4 41. Rf1 g5 42. Ra1 Nd5+ 43. Ke4 Ne7 {0-} 0-1

[Event "45th FIDE Olympiad 2024"]
[Site "Budapest"]
[Date "2024.09.16"]
[Round "6.14"]
[White "Shevchenko, Kirill"]
[Black "So, Wesley"]
[Result "1/2-1/2"]
[ECO "E21"]
[WhiteElo "2673"]
[BlackElo "2752"]
[Annotator "TA"]
[PlyCount "60"]
[EventDate "2024.09.05"]
[EventType "team-tourn"]
[EventCountry "HUN"]
[SourceTitle "playchess.com"]
[Source "ChessBase"]
[SourceQuality "1"]
[WhiteTeam "Romania"]
[BlackTeam "United States of America"]
[WhiteTeamCountry "ROU"]
[TimeControl "40/5400+30:1800+30"]

1. d4 Nf6 2. c4 e6 3. Nc3 Bb4 4. Nf3 O-O 5. Bg5 c5 6. Rc1 cxd4 7. Nxd4 h6 8. Bh4 d5 9. cxd5 g5 10. Bg3 {[%emt 0:00:10] Inhibits e5.} Qxd5 11. e3 Qxa2 12. Bd3 Qxb2 13. O-O $1 Bxc3 14. Rc2 Qb4 15. Nb5 e5 {[%emt 0:01:05][%cal Ob8c6] With the idea ...Nc6!} 16. Rxc3 Nc6 {[%emt 0:00:22] ...Rd8 is the strong threat.} 17. f4 a6 18. Rb3 Qe7 19. fxg5 Ng4 20. Nd6 Nxe3 $1 (20... Qxd6 $2 {is the wrong capture.} 21. Bh7+ Kxh7 22. Qxd6 $18) 21. Bh7+ Kxh7 22. Rxe3 Qxg5 23. Qe1 {[%emt 0:00:19][%cal Od6e4] [#] Hoping for Ne4!} Qg6 24. Nc4 Be6 25. Nxe5 {[%emt 0:02:23] The position is equal.} Nxe5 26. Bxe5 Rg8 27. Rg3 Qh5 28. Qe4+ f5 29. Qxb7+ Qf7 30. Qxf7+ Bxf7 {[%emt 0:00:26] An uneventful encounter.   Weighted Error Value: White=0.02 (flawless) /Black=0.02 (flawless) .  Inaccurate:     	---       	Black=1      OK:         	White=15    	Black=15     Best:        	---       	Black=4      Strong:       	White=1     	Black=1} 1/2-1/2

[Event "45th FIDE Olympiad 2024"]
[Site "Budapest"]
[Date "2024.09.16"]
[Round "6.14"]
[White "Osunfuyi, Abimbola"]
[Black "James, Justin"]
[Result "1-0"]
[WhiteElo "2164"]
[BlackElo "1745"]
[PlyCount "83"]
[EventDate "2024.09.05"]
[EventType "team-tourn"]
[EventCountry "HUN"]
[WhiteTeam "Nigeria"]
[BlackTeam "Saint Lucia"]
[WhiteTeamCountry "NGR"]
[TimeControl "40/5400+30:1800+30"]

1. Nf3 d5 2. c4 c6 3. e3 Nf6 4. Nc3 e6 5. Qc2 Be7 6. b3 Nbd7 7. Bb2 O-O 8. Be2 Re8 9. Rg1 a6 10. g4 Nf8 11. g5 N6d7 12. h4 b5 13. h5 Bb7 14. Bd3 e5 15. g6 fxg6 16. hxg6 h6 17. Bf5 Bf6 18. d3 Nb6 19. Ne2 Bc8 20. Ng3 Bxf5 21. Nxf5 Qd7 22. e4 d4 23. Nh2 Nc8 24. Ng4 Bg5 25. Bc1 Bxc1 26. Qxc1 Nd6 27. Nfxh6+ gxh6 28. Nf6+ Kg7 29. Nxd7 Nxd7 30. cxb5 Nxb5 31. Rh1 Rh8 32. Qxc6 Ra7 33. Qe6 Nf6 34. Qxe5 Rc7 35. a4 Rhc8 36. Qf4 Ng8 37. axb5 axb5 38. Qe5+ Nf6 39. Ra6 Rc1+ 40. Ke2 R1c2+ 41. Kf3 Rf8 42. Ra7+ 1-0

[Event "45th FIDE Olympiad 2024"]
[Site "Budapest"]
[Date "2024.09.16"]
[Round "6.15"]
[White "Aronian, Levon"]
[Black "Nisipeanu, Liviu-Dieter"]
[Result "1/2-1/2"]
[ECO "C55"]
[WhiteElo "2729"]
[BlackElo "2580"]
[Annotator "TA"]
[PlyCount "58"]
[EventDate "2024.09.05"]
[EventType "team-tourn"]
[EventCountry "HUN"]
[SourceTitle "playchess.com"]
[Source "ChessBase"]
[SourceQuality "1"]
[WhiteTeam "United States of America"]
[BlackTeam "Romania"]
[BlackTeamCountry "ROU"]
[TimeControl "40/5400+30:1800+30"]

1. e4 e5 2. Nf3 Nc6 3. Bc4 Nf6 4. d3 Be7 5. Nc3 d6 6. a3 O-O 7. Be3 Be6 8. Nd5 Bxd5 9. exd5 Nb8 10. b4 c6 11. dxc6 bxc6 12. O-O Nbd7 13. Bb3 a5 14. c4 Rb8 15. Bd2 axb4 16. axb4 d5 17. c5 Qc7 18. Re1 Rfe8 19. h3 Bf8 20. d4 exd4 21. Rxe8 Rxe8 22. Nxd4 Ne4 23. Be3 Ne5 24. Rc1 g6 $1 25. Ba4 Nc4 26. Qf3 (26. Bxc6 $6 Nxe3 27. fxe3 Bh6 $11) 26... Ne5 {[%emt 0:06:41] Excellent horsemanship.} 27. Qd1 Nc4 28. Qf3 ({Much weaker is} 28. Bxc6 Nxe3 29. fxe3 Bh6 $11) (28. Rxc4 $5 dxc4 29. Bxc6 $14) 28... Ne5 29. Qd1 Nc4 {[%emt 0:00:35] Weighted Error Value: White=0.14 (very precise) /Black=0.11 (very precise) .  Inaccurate:     	White=3     	Black=5      OK:         	White=7     	Black=9      Best:        	White=2     	---        Strong:       	---       	Black=1} 1/2-1/2

[Event "45th FIDE Olympiad 2024"]
[Site "Budapest"]
[Date "2024.09.16"]
[Round "6.15"]
[White "Elizee, Kaieem"]
[Black "Ofowino, Toritsemuwa"]
[Result "1/2-1/2"]
[WhiteElo "1701"]
[BlackElo "2020"]
[PlyCount "171"]
[EventDate "2024.09.05"]
[EventType "team-tourn"]
[EventCountry "HUN"]
[WhiteTeam "Saint Lucia"]
[BlackTeam "Nigeria"]
[BlackTeamCountry "NGR"]
[TimeControl "40/5400+30:1800+30"]

1. c4 c6 2. Nc3 d5 3. cxd5 cxd5 4. d4 Nf6 5. Nf3 Nc6 6. Bf4 a6 7. e3 Bg4 8. Be2 e6 9. O-O Bd6 10. Bxd6 Qxd6 11. Rc1 O-O 12. h3 Bh5 13. Na4 Nd7 14. a3 a5 15. Qd2 Bxf3 16. Bxf3 b5 17. Nc5 Nb6 18. b3 b4 19. a4 Nd7 20. Rfe1 Rac8 21. g3 Ne7 22. Nd3 Qb6 23. Bg2 Nf5 24. Rxc8 Rxc8 25. Rc1 Qb7 26. Rc2 Nd6 27. Qc1 Rxc2 28. Qxc2 Qc8 29. Qxc8+ Nxc8 30. Kf1 Kf8 31. Ke2 Ke7 32. h4 Kd6 33. f4 f6 34. Bh3 Ncb6 35. Kd2 Nc8 36. Ke2 Ke7 37. Kf3 Nd6 38. Nf2 f5 39. Bf1 Nf6 40. Bd3 h6 41. Ke2 Nf7 42. Kf3 Nd6 43. Ke2 Nh7 44. Kf3 Kf6 45. Ke2 g6 46. Kf3 Kg7 47. Bc2 Kf6 48. Bd3 g5 49. hxg5+ hxg5 50. Ke2 Kg6 51. Kf3 Nf6 52. Kg2 Kh5 53. Be2+ Kg6 54. Bd3 Kh6 55. Kh3 Kh5 56. Be2+ g4+ 57. Kg2 Nfe4 58. Bd3 Nc3 59. Kf1 Kh6 60. Ke1 Kg7 61. Kd2 Kf6 62. Kc2 Ke7 63. Kd2 Kd7 64. Kc2 Ne8 65. Kd2 Nf6 66. Bc2 Nh5 67. Nh1 Kd6 68. Ke1 Ke7 69. Kf2 Nf6 70. Ke1 Kf7 71. Nf2 Nh5 72. Nh1 Ke7 73. Kd2 Ne4+ 74. Bxe4 dxe4 75. Kc2 Kd6 76. Kd2 Nf6 77. Nf2 Nd5 78. Nd1 Nb6 79. Nb2 Kc6 80. Nc4 Nxc4+ 81. bxc4 Kd6 82. Kc2 Kc6 83. Kb3 Kd6 84. Kc2 Kc6 85. Kb3 Kd6 86. Kc2 1/2-1/2

[Event "45th FIDE Olympiad 2024"]
[Site "Budapest"]
[Date "2024.09.16"]
[Round "6.16"]
[White "Parligras, Mircea-Emilian"]
[Black "Robson, Ray"]
[Result "1/2-1/2"]
[ECO "D38"]
[WhiteElo "2537"]
[BlackElo "2700"]
[Annotator "TA"]
[PlyCount "99"]
[EventDate "2024.09.05"]
[EventType "team-tourn"]
[EventCountry "HUN"]
[SourceTitle "playchess.com"]
[Source "ChessBase"]
[SourceQuality "1"]
[WhiteTeam "Romania"]
[BlackTeam "United States of America"]
[WhiteTeamCountry "ROU"]
[TimeControl "40/5400+30:1800+30"]

1. d4 Nf6 2. c4 e6 3. Nf3 d5 4. Nc3 Bb4 5. Bg5 h6 6. Bxf6 Qxf6 7. e3 O-O 8. Rc1 dxc4 9. Bxc4 c5 10. O-O {[%emt 0:00:47] Hoping for Ne4. The position is equal.} cxd4 11. Ne4 Qe7 12. a3 Ba5 13. Qxd4 Rd8 {[%emt 0:00:54] Against Qd6} 14. Qc5 Qxc5 15. Nxc5 Nd7 16. Nb3 Bb6 17. Be2 Nf6 18. Ne5 Bd7 19. Nc5 Bxc5 20. Rxc5 Rac8 {[%emt 0:01:10] Against Rc7} 21. Rfc1 {[%emt 0:05:04] [#] Nxd7 is the strong threat.} Rxc5 22. Rxc5 Be8 23. Kf1 Ne4 24. Rc7 Nd6 {[%emt 0:00:30] [#]} 25. e4 $1 Kf8 26. f3 Rc8 (26... f6 $5 27. Nd3 $8 Rd7 28. Rxd7 Bxd7 $15) 27. Rxc8 Nxc8 $11 {[%emt 0:00:08][%mdl 4096] Endgame. KBN-KBN} 28. Nc4 f6 29. f4 Ke7 30. e5 fxe5 31. Nxe5 Nd6 32. Kf2 Nf7 33. Ke3 Nxe5 34. fxe5 {[%emt 0:00:06] KB-KB} a5 35. Kd4 {[%emt 0:03:04] Kc5 would now be deadly.} (35. Bf3 $5 b6 $8 36. h4 $11) 35... b6 36. Bf3 Bb5 37. g3 Kd7 38. h4 Ke7 39. Kc3 Kd7 40. b4 axb4+ 41. Kxb4 Ba6 42. Bd1 Bb7 43. Kb5 Kc7 44. Bg4 Bc6+ 45. Kb4 Bd7 46. Bh3 Bc8 47. Kb5 Bd7+ 48. Kb4 Bc8 49. Kb5 Bd7+ 50. Kb4 {[%emt 0:00:00] A balanced but interesting game.   Weighted Error Value: White=0.02 (flawless) /Black=0.01 (flawless) .  OK:         	White=17    	Black=24     Best:        	---       	Black=2} 1/2-1/2

[Event "45th FIDE Olympiad 2024"]
[Site "Budapest"]
[Date "2024.09.16"]
[Round "6.16"]
[White "Quickpen, Deborah Ebimobo-Ere"]
[Black "Daniel, Cyrus"]
[Result "1-0"]
[WhiteElo "1918"]
[BlackElo "1759"]
[PlyCount "121"]
[EventDate "2024.09.05"]
[EventType "team-tourn"]
[EventCountry "HUN"]
[WhiteTeam "Nigeria"]
[BlackTeam "Saint Lucia"]
[WhiteTeamCountry "NGR"]
[TimeControl "40/5400+30:1800+30"]

1. e4 e5 2. Nf3 Nc6 3. Bb5 a6 4. Ba4 Nf6 5. d3 b5 6. Bb3 Be7 7. O-O O-O 8. Nbd2 d6 9. Re1 Na5 10. Nf1 c5 11. Ng3 Bd7 12. Bd2 Nxb3 13. axb3 b4 14. Qe2 Ne8 15. Ra2 Nc7 16. Rea1 Bc6 17. Nf5 Bf6 18. h4 g6 19. Nh6+ Kh8 20. Bg5 Bb7 21. Ng4 Bxg5 22. hxg5 Ne6 23. Qe3 Nf4 24. g3 Nh5 25. Kg2 Bc8 26. Nh6 Qe7 27. Nd2 f6 28. Nc4 Rb8 29. gxf6 Qxf6 30. Rh1 Kg7 31. f3 Kh8 32. Ng4 Qe7 33. Raa1 Rf7 34. Qh6 Bxg4 35. fxg4 Nf6 36. Ne3 Qe6 37. Qxg6 Rg8 38. Qf5 Qe8 39. Raf1 Rgf8 40. Nc4 Qe7 41. g5 Ne8 42. Rxh7+ Kg8 43. Qg6+ Ng7 44. Rxf7 Qxf7 45. Qxf7+ Rxf7 46. Rh6 Re7 47. Nxd6 Re6 48. Nc4 Kf7 49. Nd6+ Kg8 50. c3 Re7 51. Nc4 Ne6 52. Nxe5 Nxg5 53. Rg6+ Rg7 54. Rxa6 bxc3 55. bxc3 Kh7 56. b4 cxb4 57. cxb4 Rb7 58. Nc6 Rd7 59. Ra7 Rxa7 60. Nxa7 Ne6 61. Nc6 1-0

[Event "45th FIDE Olympiad 2024"]
[Site "Budapest"]
[Date "2024.09.16"]
[Round "6.17"]
[White "Rodshtein, Maxim"]
[Black "Abdusattorov, Nodirbek"]
[Result "0-1"]
[ECO "C55"]
[WhiteElo "2600"]
[BlackElo "2766"]
[Annotator "TA"]
[PlyCount "110"]
[EventDate "2024.09.05"]
[EventType "team-tourn"]
[EventCountry "HUN"]
[SourceTitle "playchess.com"]
[Source "ChessBase"]
[SourceQuality "1"]
[WhiteTeam "Israel"]
[BlackTeam "Uzbekistan"]
[WhiteTeamCountry "ISR"]
[BlackTeamCountry "UZB"]
[TimeControl "40/5400+30:1800+30"]

1. e4 e5 2. Nf3 Nc6 3. Bc4 Nf6 4. d3 Be7 5. O-O O-O 6. Re1 d6 7. a3 Kh8 8. c3 Nd7 9. d4 Nb6 {[%emt 0:01:39] White is slightly better.} 10. Bd3 Bg4 11. d5 Nb8 12. Nbd2 a5 13. h3 Bh5 14. b3 f5 15. c4 (15. exf5 $14 Nxd5 16. g4) 15... fxe4 16. Bxe4 Bf7 17. Bd3 Na6 18. Qc2 Bg8 19. Ne4 Nd7 20. Be3 c6 21. Nc3 Ndc5 (21... Nac5 $11) 22. Be2 ({Better is} 22. Bf5 $16) 22... h6 23. Qb2 $36 {[%emt 0:08:18][%mdl 2048] White has good play.} e4 24. Nd4 Bg5 25. Qd2 Qf6 26. Bf1 (26. dxc6 Qxf2+ (26... bxc6 27. Rf1 $16) 27. Bxf2 Bxd2 28. cxb7 e3 $11) 26... Bxe3 27. Rxe3 Bh7 (27... cxd5 $11 {remains equal.} 28. cxd5 (28. Nxd5 Bxd5 29. cxd5 Nc7 $17) 28... Nc7) 28. Rae1 $16 Rae8 29. g3 (29. dxc6 bxc6 30. f3 (30. Nxc6 Nxb3 31. Qa2 Nac5 $11) 30... Bg6 $14) 29... Nc7 30. b4 (30. dxc6 $16 bxc6 31. b4 axb4 32. axb4) 30... cxd5 31. bxc5 dxc5 32. Ndb5 Nxb5 33. Nxd5 Qd4 34. Qxa5 Nd6 35. Qc3 $1 Rf7 36. Qc1 Nf5 37. Rd1 Qe5 38. f4 Qe6 39. Rb3 {[%emt 0:00:17] [#]} b5 $1 40. Rxb5 (40. cxb5 $15 Nd4 41. Re3 Qxd5 42. Bc4) 40... Nxg3 $17 41. Rb6 {[%emt 0:03:42] [#]} Qc8 42. Kh2 Nf5 {[%emt 0:01:40] White must now prevent ...Qd8.} 43. Be2 Qd8 {[%emt 0:07:36] Strongly threatening ...e3.} 44. Rg1 (44. Bh5 $2 Qh4 45. Qc2 Qxh5 $19) 44... Ref8 (44... Qh4 $6 45. Qe1 $15) 45. Bh5 (45. Qb2 $17) 45... Rd7 $19 {[%emt 0:00:41] ...Rxd5 would now be deadly.} 46. Qb2 Bg8 {[%emt 0:07:07][%cal Of5d4] And now ...Nd4! would win.} 47. Bg4 $2 {[%emt 0:02:09][%mdl 8192] Now White is beyond hope.} (47. Rc6 $17) 47... Bxd5 48. cxd5 Rxd5 49. Rg2 {[%emt 0:02:26] Repels Rd2. Threatens to win with Bxf5.} Nd4 {[%emt 0:00:15][%cal Od8c7] aiming for ...Qc7!} 50. Rg6 (50. Qb1 $142 e3 (50... Rxf4 $2 51. Rb8 $18) 51. Rg6) 50... Qc7 ({Stronger than} 50... Rxf4 51. Qb7 Qg8 52. Be6 Nxe6 (52... Nf3+ $2 53. Kg3 $18) 53. Rxh6+ (53. Qxd5 Ng5 $11) 53... gxh6 54. Rxg8+ (54. Qxd5 Qb8 55. Kg1 Ng5 56. Rxg5 hxg5 57. Qxc5 Qb1+ 58. Kh2 Qf1 59. Qe5+ Kh7 60. Qe7+ Kh6 61. Qe6+ Rf6 62. Qa2 Rf2+) 54... Kxg8 55. Qxd5 $16) 51. Qf2 (51. Kh1 $142) 51... Rxf4 52. Qg3 {[%emt 0:00:06] [#]} Rxg4 $1 53. hxg4 {[%emt 0:01:16] White is weak on the dark squares} Nf3+ 54. Kh3 Qf7 55. Qb8+ Kh7 {[%emt 0:00:02] Weighted Error Value: White=0.47/Black=0.14 (very precise) .  Loses game:     	White=1     	---        Mistake:       	White=7     	Black=2      Inaccurate:     	White=7     	Black=4      OK:         	White=13    	Black=17     Best:        	White=5     	Black=4      Strong:       	White=1     	---} 0-1

[Event "45th FIDE Olympiad 2024"]
[Site "Budapest"]
[Date "2024.09.16"]
[Round "6.17"]
[White "Sihlongonyane, Sikhanyiso"]
[Black "Mesfin, Leykun"]
[Result "0-1"]
[WhiteElo "1813"]
[BlackElo "2118"]
[PlyCount "192"]
[EventDate "2024.09.05"]
[EventType "team-tourn"]
[EventCountry "HUN"]
[WhiteTeam "Eswatini"]
[BlackTeam "Ethiopia"]
[BlackTeamCountry "ETH"]
[TimeControl "40/5400+30:1800+30"]

1. e4 c5 2. Nf3 Nc6 3. d4 cxd4 4. Nxd4 e5 5. Nb5 d6 6. c4 a6 7. N5a3 Nf6 8. Nc3 Be7 9. Nc2 O-O 10. Be2 Nd7 11. O-O Nc5 12. Be3 Bg5 13. Bxg5 Qxg5 14. Qxd6 Bh3 15. Bf3 Ne6 16. Qd1 Rad8 17. Nd5 f5 18. Kh1 fxe4 19. Bxe4 Bg4 20. f3 Bh5 21. Qc1 Nf4 22. g3 Ne6 23. Qxg5 Nxg5 24. Kg2 Nxe4 25. fxe4 Be2 26. Rxf8+ Rxf8 27. Nc3 Bxc4 28. Ne3 Be6 29. Rf1 Rd8 30. Ned5 h6 31. Rf2 Rd7 32. h3 Nd4 33. Rd2 Rf7 34. g4 Nf3 35. Re2 Nh4+ 36. Kg1 Rf3 37. Re3 Rf7 38. Re2 Ng6 39. Rf2 Nf4 40. Nxf4 exf4 41. Rd2 Kh7 42. Kf2 g5 43. Kf3 Kg7 44. h4 Kf6 45. Rh2 Rd7 46. hxg5+ hxg5 47. Rh6+ Ke5 48. Rg6 Rd3+ 49. Kf2 Rd2+ 50. Kf3 Rd3+ 51. Kf2 f3 52. Kg3 b5 53. a3 f2+ 54. Kxf2 Rd2+ 55. Ke3 Rxb2 56. Rxg5+ Kf6 57. Rc5 Rb3 58. Kf4 Rxa3 59. g5+ Ke7 60. Ke5 b4 61. Ne2 b3 62. Rc7+ Kd8 63. Rb7 Bc4 64. Nd4 Kc8 65. Rb4 Bg8 66. Kd6 Ra1 67. Rb6 Rd1 68. Kc5 Rc1+ 69. Kd6 a5 70. Nxb3 Rd1+ 71. Kc5 a4 72. Nd4 a3 73. Ra6 a2 74. g6 a1=Q 75. Rxa1 Rxa1 76. Kd6 Rd1 77. Ke5 Kd7 78. Nf5 Ke8 79. Kf6 Rf1 80. Kg7 Ba2 81. Nd6+ Kd7 82. Nf5 Rf4 83. Kh7 Rxe4 84. g7 Rf4 85. Nh6 Rh4 86. Kg6 Ke8 87. g8=Q+ Bxg8 88. Nxg8 Rg4+ 89. Kh7 Rg5 90. Nh6 Kf8 91. Kh8 Ke7 92. Kh7 Ke6 93. Kh8 Kf6 94. Ng8+ Kf7 95. Nh6+ Kg6 96. Ng8 Rh5+ {0-} 0-1

[Event "45th FIDE Olympiad 2024"]
[Site "Budapest"]
[Date "2024.09.16"]
[Round "6.18"]
[White "Yakubboev, Nodirbek"]
[Black "Gorshtein, Ido"]
[Result "1-0"]
[ECO "E08"]
[WhiteElo "2666"]
[BlackElo "2543"]
[Annotator "TA"]
[PlyCount "73"]
[EventDate "2024.09.05"]
[EventType "team-tourn"]
[EventCountry "HUN"]
[SourceTitle "playchess.com"]
[Source "ChessBase"]
[SourceQuality "1"]
[WhiteTeam "Uzbekistan"]
[BlackTeam "Israel"]
[WhiteTeamCountry "UZB"]
[BlackTeamCountry "ISR"]
[TimeControl "40/5400+30:1800+30"]

1. d4 Nf6 2. c4 e6 3. Nf3 d5 4. g3 Bb4+ 5. Bd2 Be7 6. Bg2 O-O 7. O-O Nbd7 8. Qc2 c6 9. Bf4 a5 10. Rd1 h6 11. Nc3 dxc4 12. Nd2 {[%emt 0:00:07][%cal Bf3d2,Bd2f1,Bf1e3][%mdl 32] White has an edge.} Nb6 13. e4 {[%emt 0:00:17][%mdl 1024] White has compensation.} a4 14. a3 Bd7 (14... Qxd4 $2 15. e5 $18 (15. Be3 Qd8 $14)) 15. h3 Qc8 16. g4 Rd8 17. Nf1 Be8 18. Ne3 Nfd7 19. Bg3 c5 (19... f6 $11 {remains equal.}) 20. d5 $16 Bf6 {[%emt 0:02:06] [#]} 21. dxe6 $1 fxe6 22. Rd6 Bf7 {[%emt 0:02:29] [#]} 23. e5 $1 Be7 24. Rd2 {[%emt 0:06:15] White is much more active.} Nb8 25. Rxd8+ Qxd8 (25... Bxd8 $16 26. Nb5 Nc6) 26. Bxb7 $18 Ra7 27. Rd1 $36 {[%emt 0:03:54][%mdl 2048] White is in control.} Qe8 28. Be4 ({White should try} 28. Qe4 $18) 28... Rd7 29. Rxd7 (29. Nxa4 $2 {perishes.} Rxd1+ 30. Qxd1 Qxa4 $19 (30... Nxa4 31. Nxc4 Qb5 32. Bd3 $17)) 29... Qxd7 30. Kh2 Be8 {[%emt 0:01:52] [#]} 31. Ne2 $1 Qb5 (31... Na6 {was worth a try.} 32. Nxc4 Nxc4) 32. Nf4 Nc6 33. Nxe6 Nd4 {[%emt 0:00:20] Prevents Nf5.} 34. Nxd4 cxd4 35. Nf5 Bc5 (35... Qc5 36. Nxe7+ Qxe7) 36. e6 {[%emt 0:02:30] Black must now prevent Qd2.} Qb3 37. Qc1 {[%emt 0:01:05] Weighted Error Value: White=0.07 (flawless) /Black=0.37.  Mistake:       	White=1     	Black=4      Inaccurate:     	White=1     	Black=2      OK:         	White=15    	Black=10     Best:        	White=3     	Black=1      Strong:       	White=1     	---} 1-0

[Event "45th FIDE Olympiad 2024"]
[Site "Budapest"]
[Date "2024.09.16"]
[Round "6.18"]
[White "Birhanu, Tegegn Mehadem"]
[Black "Dlamini, Simphiwe"]
[Result "0-1"]
[WhiteElo "2077"]
[BlackElo "1747"]
[PlyCount "120"]
[EventDate "2024.09.05"]
[EventType "team-tourn"]
[EventCountry "HUN"]
[WhiteTeam "Ethiopia"]
[BlackTeam "Eswatini"]
[WhiteTeamCountry "ETH"]
[TimeControl "40/5400+30:1800+30"]

1. d4 Nf6 2. c4 e6 3. Nc3 Bb4 4. Qc2 b6 5. Bg5 Bb7 6. a3 Be7 7. Nf3 h6 8. Bh4 d5 9. cxd5 exd5 10. e3 O-O 11. Be2 c5 12. O-O Ne4 13. Bxe7 Qxe7 14. Rad1 Nd7 15. Bb5 Ndf6 16. dxc5 Qxc5 17. Nd4 Nxc3 18. Qxc3 Qxc3 19. bxc3 Rac8 20. Rc1 Ne4 21. Ne2 Rc5 22. Bd3 Rfc8 23. f3 Nxc3 24. Nd4 Na4 25. Nb3 Rc3 26. Bf5 R8c4 27. Rb1 Nc5 28. Nd4 Rxe3 29. Nb5 g6 30. Bh3 Ra4 31. Rfc1 Bc6 32. Nxa7 Rxa7 33. Rxb6 Nd3 34. Rbxc6 Nxc1 35. Rxc1 Rexa3 36. Rc8+ Kg7 37. Kf2 h5 38. Rd8 R7a5 39. Bc8 Ra8 40. Re8 Rc3 41. Bd7 Rxe8 42. Bxe8 d4 43. Bb5 Rc2+ 44. Kg3 g5 45. h4 gxh4+ 46. Kxh4 Rxg2 47. Kxh5 f6 48. Kh4 Rg5 49. Bd3 Kf7 50. Kh3 Ke6 51. f4 Rg7 52. Be4 Kd6 53. Bd3 Kc5 54. f5 Kb4 55. Be4 Kc3 56. Bf3 Kd3 57. Bd1 Ke4 58. Be2 d3 59. Bf1 Kf3 60. Kh4 Rh7# {0-} 0-1

[Event "45th FIDE Olympiad 2024"]
[Site "Budapest"]
[Date "2024.09.16"]
[Round "6.19"]
[White "Nabaty, Tamir"]
[Black "Sindarov, Javokhir"]
[Result "1-0"]
[ECO "E73"]
[WhiteElo "2630"]
[BlackElo "2677"]
[Annotator "TA"]
[PlyCount "47"]
[EventDate "2024.09.05"]
[EventType "team-tourn"]
[EventCountry "HUN"]
[SourceTitle "playchess.com"]
[Source "ChessBase"]
[SourceQuality "1"]
[WhiteTeam "Israel"]
[BlackTeam "Uzbekistan"]
[WhiteTeamCountry "ISR"]
[BlackTeamCountry "UZB"]
[TimeControl "40/5400+30:1800+30"]

1. d4 Nf6 2. c4 g6 3. h4 Bg7 4. Nc3 d6 5. e4 h5 6. Be2 O-O 7. Nf3 a6 8. O-O c6 9. Be3 {[%emt 0:05:55] White is slightly better.} b5 10. a3 Bg4 11. cxb5 cxb5 12. e5 dxe5 13. dxe5 Qxd1 14. Rfxd1 Nfd7 {[%emt 0:02:49] Black is weak on the dark squares} 15. Nd5 {[%emt 0:06:14] [#] e6 would now be deadly.} Nc6 16. e6 fxe6 ({Of course not} 16... Bxe6 $6 17. Nc7 Nde5 (17... Bxb2 $2 18. Nxe6 fxe6 19. Rab1 $18) 18. Nxa8 Rxa8 19. Rac1 $16) 17. Nc7 Rad8 18. Nxa6 Bxb2 19. Ra2 $36 {[%emt 0:00:54][%cal Ba1a2,Ba2d2,Bd2d4][%mdl 2080] White is pushing.} Bf6 20. Rad2 e5 21. Nc7 e4 22. Nd4 Nxd4 23. Bxg4 Ne5 $2 {[%emt 0:06:45][%mdl 8192] [#]} (23... hxg4 $11 24. Bxd4 Ne5) 24. Rxd4 {[%emt 0:01:17] Weighted Error Value: White=0.11 (very precise) /Black=0.37.  Loses game:     	---       	Black=1      Inaccurate:     	White=2     	Black=2      OK:         	White=4     	Black=8      Best:        	White=1     	Black=1} 1-0

[Event "45th FIDE Olympiad 2024"]
[Site "Budapest"]
[Date "2024.09.16"]
[Round "6.19"]
[White "Mbongeni, Mabuza"]
[Black "Kebede, Yoseph Kifle"]
[Result "1/2-1/2"]
[WhiteElo "1784"]
[BlackElo "2037"]
[PlyCount "61"]
[EventDate "2024.09.05"]
[EventType "team-tourn"]
[EventCountry "HUN"]
[WhiteTeam "Eswatini"]
[BlackTeam "Ethiopia"]
[BlackTeamCountry "ETH"]
[TimeControl "40/5400+30:1800+30"]

1. d4 d5 2. c4 e6 3. Nf3 Nf6 4. g3 dxc4 5. Bg2 Nc6 6. O-O Rb8 7. a4 b6 8. Na3 Bxa3 9. Rxa3 O-O 10. Re1 Bb7 11. Bg5 h6 12. Bxf6 Qxf6 13. e3 a6 14. Nd2 e5 15. d5 Nb4 16. Nxc4 Rfd8 17. e4 a5 18. Rc3 Ba6 19. Ne3 c6 20. Bf1 Bxf1 21. Kxf1 cxd5 22. exd5 e4 23. Qg4 Nxd5 24. Nxd5 Rxd5 25. Rxe4 Rd2 26. Rf4 Qd8 27. Qf5 Rd1+ 28. Kg2 Qd5+ 29. Qxd5 Rxd5 30. Rc7 f5 31. b4 1/2-1/2